 Dungeon Crawl Stone Soup version 0.31-a0-441-g867994ef1c (webtiles) character file.

Game seed: 11951713970233004263

949 ElondorRains the Chopper (level 7, -1/67 HPs)
             Began as a Troll Fighter on May 29, 2023.
             Slain by a gnoll
             ... wielding a +0 halberd
             ... led by a gnoll bouda
              (13 damage)
             ... on level 5 of the Dungeon on Aug 2, 2023.
             The game lasted 00:29:17 (3157 turns).

ElondorRains the Chopper (Troll Fighter)            Turns: 3157, Time: 00:29:18

Health: -1/67      AC:  5    Str: 27    XL:     7   Next: 90%
Magic:  7/7        EV: 10    Int:  4    God:
Gold:   283        SH:  0    Dex:  9    Spells: 8/8 levels left

rFire   . . .        B - +0 battleaxe
rCold   . . .        (shield currently unavailable)
rNeg    . . .        b - +0 robe
rPois   .            (helmet restricted)
rElec   .            w - +0 cloak
rCorr   +            (gloves unavailable)
SInv    .            (boots unavailable)
Will    +....        (no amulet)
Stlth   +            p - ring of resist corrosion
HPRegen 1.11/turn    u - ring of willpower
MPRegen 0.10/turn

%: no passive effects
@: lethally poisoned (-1 -> -4)
A: large, unfitting armour, claws 3, regeneration 1, shaggy fur 1, tough skin 1
a: no special abilities


You were on level 5 of the Dungeon.
You visited 1 branch of the dungeon, and saw 5 of its levels.

You collected 283 gold pieces.

Inventory:

Hand Weapons
 a - a +0 war axe
 g - a +0 club
 h - a +0 dagger
 i - a +0 club
 k - a +0 club
 B - a +0 battleaxe (weapon)
Armour
 b - a +0 robe (worn)
 c - a +0 kite shield
 w - a +0 cloak (worn)
Jewellery
 p - a ring of resist corrosion (left claw)
 u - a ring of willpower (right claw)
Talismans
 C - a beast talisman
Wands
 r - a wand of iceblast (7)
 y - a wand of acid (1)
Scrolls
 e - a scroll of fog
 j - a scroll of enchant armour {unknown}
 t - a scroll of silence {unknown}
 x - a scroll of summoning {unknown}
 z - a scroll of poison {unknown}
 A - a scroll of identify
 D - a scroll of teleportation {unknown}
Potions
 d - 3 potions of might
 f - a potion of berserk rage {unknown}
 l - 2 potions of brilliance {unknown}
 m - a potion of attraction {unknown}
 n - a potion of degeneration
 o - 2 potions of haste {unknown}
 q - a potion of invisibility {unknown}
 s - a potion of heal wounds
 v - a potion of curing {unknown}


   Skills:
 + Level 3.4 Fighting
 * Level 6.0 Axes
 + Level 3.5 Dodging
 + Level 0.2 Stealth
 - Level 3.8 Shields
 - Level 1.0 Spellcasting


You had 8 spell levels left.
You didn't know any spells.
Your spell library contained the following spells:

 Spells                   Type           Power      Damage    Failure   Level
 Sublimation of Blood     Necr           0%         N/A       61%         2
 Wereblood                Tmut           0%         N/A       61%         2
 Call Canine Familiar     Summ           0%         N/A       83%         3
 Portal Projectile        Hex/Tloc       0%         N/A       83%         3
 Leda's Liquefaction      Hex/Erth       0%         N/A       99%         4
 Summon Hydra             Summ           0%         N/A       100%        7


Dungeon Overview and Level Annotations

Branches:
Dungeon (5/15)
 Temple: D:4-7

Altars:

Shops:
D:2 (


Innate Abilities, Weirdness & Mutations

You are too large for most types of armour.
You have claws for hands.
Your natural rate of healing is unusually fast.
You are covered in fur. (AC +1)
You have tough skin. (AC +1)


Message History

You closely miss the gnoll bouda.
The gnoll bouda barks out a call to the hunt!
The gnoll picks up the pace!
The gnoll bouda barely misses you.
You hit the gnoll bouda.
The gnoll bouda is moderately wounded.
The gnoll hits you from afar with a +1 halberd of venom.
You are poisoned.
The gnoll bouda barely misses you. The gnoll misses you.
You slash the gnoll bouda!
The gnoll bouda is heavily wounded.
You feel very sick. The gnoll closely misses you.
The gnoll bouda hits you but does no damage.
The gnoll hits you with a +0 whip. The gnoll closely misses you. x2
The gnoll bouda hits you with a +0 club!
You slash the gnoll bouda!
You kill the gnoll bouda!
You closely miss the gnoll.
You feel sick. The gnoll hits you with a +0 whip. The gnoll closely misses you.
The gnoll hits you from afar with a +1 halberd of venom!
You are more poisoned.
The gnoll barely misses you. The gnoll completely misses you.
Your Axes skill increases to level 6!
You slash the gnoll!
The gnoll is severely wounded.
Your attacks no longer feel as feeble.
You feel extremely sick. The gnoll closely misses you.
The gnoll hits you with a +0 whip.
The gnoll hits you from afar with a +0 halberd!
* * * LOW HITPOINT WARNING * * *
The gnoll barely misses you. The gnoll attacks as you move away!
The gnoll barely misses you.
You feel very sick.
Sorry, you're not good enough to have a special ability.
There are monsters nearby!
You feel very sick.
The gnoll hits you from afar with a +0 halberd!
Keep transforming yourself?
You die...

#..........)...###.
####..##..<)..## ##
#... #......####.
##... ##.#.....#..
##..## #.#..#....# ##
#...#####.....##..#
#..#..##.#...##.##...#
#............##......#
#.#@g......##.....##
#.##########....#.
#....gg# #......
#......# #...##.
##...#.# #...# . .....
.# +.... #..... .#
#....# #...... .#
#..... ##..... .#
#.g..#.


You could see 3 gnolls.

Vanquished Creatures
  Grinder (D:3)
  2 ogres
  A scorpion (D:2)
  A jelly (D:4)
  An orc priest (D:4)
  3 hounds (D:4)
  A gnoll bouda (D:5)
  An iguana (D:4)
  2 sleepcaps
  Terence (D:2)
  Robin (D:3)
  9 adders
  A gnoll (D:5)
  4 worms
  2 dart slugs (D:2)
  9 orcs
  5 ball pythons
  A bat (D:2)
  4 endoplasms
  2 giant cockroaches
  22 hobgoblins
  3 jackals (D:3)
  10 kobolds
  2 quokkas
  2 frilled lizards
  24 goblins
  2 rats
117 creatures vanquished.

Notes
Turn   | Place    | Note
-------+----------+-------------------------------------------
     0 | D:1      | ElondorRains the Troll Fighter began the quest for the Orb.
     0 | D:1      | Reached XP level 1. HP: 22/22 MP: 0/0
   352 | D:1      | Reached XP level 2. HP: 26/29 MP: 1/1
   486 | D:2      | Found Pugeygu's Weapon Boutique.
   594 | D:2      | Upgraded the game from 0.31-a0-115-g4708a659fe to
                  | 0.31-a0-441-g867994ef1c
   594 | D:2      | Reached XP level 3. HP: 36/36 MP: 2/2
   766 | D:2      | Reached skill level 2 in Axes
   792 | D:2      | Noticed Terence
   808 | D:2      | Killed Terence
   809 | D:2      | Reached XP level 4. HP: 40/44 MP: 3/3
   917 | D:2      | Noticed a scorpion
   926 | D:2      | Killed a scorpion
   927 | D:2      | Reached skill level 1 in Spellcasting
   927 | D:2      | Reached XP level 5. HP: 42/52 MP: 5/5
  1322 | D:3      | Noticed Grinder
  1360 | D:3      | Killed Grinder
  1361 | D:3      | Reached skill level 3 in Axes
  1361 | D:3      | Reached XP level 6. HP: 36/61 MP: 6/6
  1452 | D:3      | Reached skill level 4 in Axes
  1663 | D:3      | Noticed Robin
  1685 | D:3      | Killed Robin
  2368 | D:4      | Reached XP level 7. HP: 65/67 MP: 7/7
  2562 | D:4      | Reached skill level 5 in Axes
  2946 | D:5      | Entered Level 5 of the Dungeon
  2959 | D:4      | HP: 1/67 [orc priest/divine providence (8)]
  3155 | D:5      | Reached skill level 6 in Axes
  3157 | D:5      | Slain by a gnoll

Illustrated notes

Levels and vault maps discovered:
D:1:      heliophobic_arrival_glass_houses, layout_basic,
          minmay_misc_feat_four_crosses, kennysheep_crisscross
D:2:      cheibrodos_greedy_goblins, layout_basic, serial_shops,
          nicolae_shop_tiny_statue_garden, minmay_misc_feat_encased,
          uniq_terence
D:3:      corexii_shack_village, layout_basic, uniq_grinder, uniq_robin
D:4:      minmay_razor_zed, layout_loops_ring
D:5:      layout_cave_pools, nicolae_overflow_two_pavilions,
          trog_three_pillars_becter, dk_vineyard_1

Skill      XL: |  1  2  3  4  5  6  7 |
---------------+----------------------+-----
Shields        | 3 |  3.8
Axes           | 2 3 4 6 |  6.0
Dodging        | 3 |  3.5
Spellcasting   | 1 |  1.0
Fighting       | 3 |  3.4
Stealth        | |  0.2

Action                     |  1- 3 |  4- 6 |  7- 9 || total
---------------------------+-------+-------+-------++-------
  Melee: War axe           |   106 |   194 |   100 ||   400
         Battleaxe         |       |       |    12 ||    12
    Use: Scroll            |     1 |     2 |       ||     3
         Potion            |       |     2 |       ||     2
 Armour: Robe              |    35 |    49 |    21 ||   105
  Dodge: Dodged            |    46 |    67 |    64 ||   177
  Block: Kite shield       |    32 |    78 |    45 ||   155
   Form: Beast             |       |       |     1 ||     1

Table legend: (Time is in decaauts)
 A = Elapsed time spent in this place.
 B = Non-inter-level travel time spent in this place.
 C = Inter-level travel time spent in this place.
 D = Time resting spent in this place.
 E = Time spent auto-exploring this place.
 F = Levels seen in this place.
 G = Mean time per level.
                   A        B        C        D        E       F      G
               +--------+--------+--------+--------+--------+-----+--------+
         Total |   3333 |   2850 |    483 |      0 |   1827 |   5 |  666.6 |
       Dungeon |   3333 |   2850 |    483 |      0 |   1827 |   5 |  666.6 |
               +--------+--------+--------+--------+--------+-----+--------+

Top non-repeatable levels by time:
     D:4: 1058 daAuts
     D:3: 925 daAuts
     D:2: 728 daAuts
     D:1: 459 daAuts
     D:5: 161 daAuts
